Map: Lerilak Crest

Players

lightwOrk - Winner!

  • Race: Zerg Zerg
  • League: Diamond

LilDicky

  • Race: Terran Terran
  • League: Diamond

VOD

http://www.twitch.tv/tumescentpie

Description

Time

  • Played on: Dec. 26, 2015, 5:17 p.m.
  • Length: 16:37
Show
View Real Time Build Order
Export as new Build Order

lightwOrk Zerg - Winner!

Build Orders: Hatch First, Muta Ling Bane 

Get SALT Encoding   

  12  0:00  Drone  
  13  0:12  Overlord  
  13  0:17  Drone  
  14  0:30  Drone x2  
  14  0:35  Drone  
  17  0:54  Hatchery  
  16  0:58  Drone  
  16  1:01  Drone, Extractor  
  17  1:15  Spawning Pool  
  17  1:17  Drone  
  17  1:21  Drone  
  18  1:28  Drone  
  19  1:41  Overlord  
  19  2:03  Metabolic Boost  
  19  2:04  Queen  
  19  2:06  Queen  
  19  2:08  Zergling x4  
  25  2:12  Drone  
  25  2:13  Drone  
  27  2:17  Drone  
  27  2:22  Drone  
  29  2:28  Overlord  
  29  2:40  Queen  
  29  2:41  Queen  
  33  2:55  Drone x2  
  33  2:56  Drone x3  
  38  3:00  Overlord  
  37  3:14  Overlord  
  37  3:20  Drone  
  37  3:21  Drone x6  
  44  3:36  Hatchery  
  43  3:43  Lair  
  43  3:45  Extractor  
  43  3:48  Drone, Extractor  
  42  3:49  Drone x4  
  42  3:51  Overlord  
  46  4:01  Overlord x2  
  46  4:02  Overlord  
  46  4:11  Baneling Nest  
  45  4:25  Drone  
  45  4:26  Evolution Chamber x2, Drone x5  
  49  4:42  Drone  
  49  4:45  Spire  
  38  5:08  Drone x5  
  38  5:09  Drone x8  
  51  5:18  Zerg Melee Weapons Level 1  
  51  5:19  Zerg Ground Armor Level 1  
  51  5:42  Drone x8  
  59  5:43  Drone x4  
  59  5:46  Centrifical Hooks  
  63  6:08  Extractor  
  62  6:12  Extractor  
  62  6:14  Extractor  
  60  6:22  Overseer  
  60  6:23  Mutalisk x3  
  66  6:28  Mutalisk  
  68  6:35  Extractor  
  68  6:37  Hatchery, Drone x3  
  68  6:39  Extractor, Queen  
  70  6:57  Drone  
  70  6:58  Infestation Pit  
  70  7:01  Mutalisk x3  
  70  7:03  Drone x11  
  87  7:25  Drone x3  
  87  7:27  Overlord  
  87  7:28  Overlord x4  
  90  7:31  Zerg Flyer Weapons Level 1  
  90  7:44  Zerg Melee Weapons Level 2  
  90  7:45  Zerg Ground Armor Level 2  
  90  7:56  Hive  
  90  8:13  Drone x4  
  90  8:14  Drone x2  
  90  8:16  Drone x7  
  90  8:17  Drone  
  104  8:40  Pneumatized Carapace  
  104  8:45  Drone  
  104  8:46  Overlord x4  
  104  8:47  Overlord x7  
  105  8:51  Extractor  
  105  8:52  Hatchery  
  105  8:54  Extractor  
  102  9:13  Corruptor x8  
  102  9:14  Corruptor x4  
  102  9:16  Mutalisk x3  
  131  9:34  Greater Spire  
  131  9:45  Ultralisk Cavern  
  131  9:46  Zergling x12  
  131  9:47  Zergling x20  
  146  9:53  Overseer  
  146  9:54  Overseer  
  146  10:28  Corruptor x7, Zergling x2  
  149  10:29  Corruptor x2  
  165  10:45  Brood Lord x6  
  177  11:11  Zerg Ground Armor Level 3, Zerg Melee Weapons Level 3  
  177  11:12  Chitinous Plating  
  177  11:19  Viper  
  177  11:23  Viper  
  109  12:01  Ultralisk  
  109  12:02  Ultralisk x4  
  109  12:04  Zergling x8  
  109  12:05  Zergling x42  
  109  12:06  Zergling x2  
  153  12:31  Corruptor x3  
  153  12:32  Corruptor x4  
  167  12:42  Adrenal Glands  
  144  13:41  Zergling x22  
  144  13:42  Zergling x40  
  174  13:56  Corruptor  
  174  13:57  Corruptor x6  
  144  14:53  Brood Lord  
  144  14:54  Brood Lord x15  
  176  15:10  Corruptor x5  
  176  15:11  Corruptor  
  188  15:29  Corruptor x4  
  188  15:30  Corruptor  
  193  16:15  Zergling x14  
Show
View Real Time Build Order
Export as new Build Order

LilDicky Terran 

Build Orders: Mech 

Get SALT Encoding   

  12  0:01  SCV  
  13  0:13  SCV  
  14  0:17  Supply Depot  
  14  0:25  SCV  
  15  0:39  SCV  
  15  0:42  Barracks  
  16  0:51  SCV  
  17  1:03  SCV  
  18  1:15  SCV  
  19  1:20  Refinery  
  19  1:23  Refinery  
  19  1:30  Marine  
  21  1:37  Orbital Command  
  20  1:43  Command Center  
  20  1:50  Marine  
  21  2:03  SCV  
  22  2:09  Marine  
  23  2:15  Supply Depot  
  23  2:37  SCV  
  23  2:42  Factory  
  24  2:48  Barracks Reactor  
  24  2:57  Command Center  
  24  3:03  Orbital Command  
  24  3:14  SCV  
  25  3:26  SCV  
  26  3:29  Starport  
  28  3:35  Hellion  
  28  3:36  Hellion  
  28  3:39  Marine  
  31  3:43  SCV  
  31  3:44  SCV  
  33  3:55  SCV  
  34  3:56  SCV, Hellion  
  34  4:00  Hellion  
  39  4:05  Starport Tech Lab  
  39  4:09  SCV x2  
  41  4:16  Orbital Command  
  41  4:21  SCV  
  42  4:30  SCV  
  43  4:45  Factory  
  43  4:46  Factory  
  43  4:50  Liberator x2  
  41  5:07  Siege Tank  
  38  5:09  SCV x3  
  38  5:13  Refinery  
  38  5:14  Refinery  
  47  5:17  Marine  
  48  5:21  SCV x3  
  50  5:31  Factory Tech Lab x2  
  50  5:33  SCV x2, Liberator  
  52  5:38  SCV  
  52  5:39  Marine  
  54  5:48  SCV  
  54  5:49  SCV  
  56  5:52  Orbital Command  
  59  6:02  SCV x2  
  61  6:08  Liberator  
  61  6:25  SCV x3  
  67  6:31  Supply Depot x2  
  67  6:37  SCV  
  68  6:40  Marine  
  69  6:49  Supply Depot  
  69  6:51  Command Center  
  69  6:52  SCV x2, Siege Tank x2  
  69  6:53  SCV, Siege Tank  
  81  6:55  Liberator  
  81  6:56  Supply Depot, Liberator  
  81  7:00  Supply Depot  
  81  7:01  Engineering Bay  
  81  7:04  SCV x2  
  81  7:05  SCV  
  81  7:06  Armory  
  84  7:11  Armory  
  90  7:17  SCV x3  
  90  7:19  Refinery x2  
  93  7:24  Supply Depot, Cyclone  
  93  7:28  Siege Tank  
  93  7:29  SCV x2  
  101  7:31  SCV  
  102  7:39  Supply Depot  
  102  7:41  SCV x2, Starport  
  102  7:43  SCV  
  105  7:48  Missile Turret  
  105  7:49  Liberator x2  
  102  7:53  SCV, Missile Turret  
  102  7:55  Missile Turret  
  102  8:11  Missile Turret  
  108  8:14  Missile Turret  
  108  8:17  Missile Turret x2  
  108  8:23  Planetary Fortress  
  108  8:29  Thor  
  114  8:36  SCV x3  
  114  8:39  Missile Turret  
  114  8:40  Missile Turret  
  117  8:44  Missile Turret  
  117  8:47  Missile Turret  
  117  8:48  Missile Turret  
  117  8:49  Liberator x2  
  116  9:06  Starport Tech Lab  
  116  9:09  SCV  
  123  9:10  SCV x2  
  124  9:22  SCV x2  
  124  9:23  Command Center  
  125  9:24  Thor  
  125  9:25  Thor  
  125  9:29  Raven  
  139  9:49  Liberator x2  
  145  10:09  SCV x2  
  145  10:12  SCV  
  145  10:14  Missile Turret  
  148  10:16  Missile Turret  
  148  10:28  Supply Depot x2, Hi-Sec Auto Tracking  
  148  10:29  Supply Depot  
  148  10:30  Terran Vehicle And Ship Armor Level 1  
  148  10:31  Terran Vehicle Weapons Level 1  
  148  10:34  Thor x2  
  148  10:35  SCV x3, Corvid Reactor, Missile Turret  
  163  10:51  Missile Turret  
  163  10:52  Planetary Fortress, Missile Turret  
  163  10:53  Missile Turret  
  163  10:56  Hellbat  
  165  10:57  Raven  
  167  11:04  Refinery  
  167  11:06  Refinery  
  167  11:08  Missile Turret  
  167  11:09  Missile Turret x2  
  167  11:10  SCV x2, Missile Turret  
  169  11:43  Liberator x3  
  119  12:02  Thor x2  
  107  12:17  Thor  
  113  12:26  Liberator  
  113  12:41  SCV x2  
  113  12:42  SCV x2  
  120  12:44  Thor  
  120  12:45  Thor  
  120  12:48  Missile Turret  
  120  12:50  Missile Turret x2  
  126  12:51  Missile Turret  
  124  13:00  Thor  
  130  13:17  Command Center  
  127  13:27  Thor x2  
  137  13:38  Command Center  
  137  13:42  Thor  
  137  13:43  Marine  
  144  13:51  SCV x2  
  146  14:00  Marine  
  147  14:07  SCV x2  
  147  14:09  Factory x2  
  149  14:10  SCV, Thor  
  149  14:11  SCV  
  157  14:17  Command Center  
  157  14:18  Marine  
  96  14:51  Planetary Fortress  
  93  14:58  Liberator  
  93  15:06  Liberator  
  93  15:09  Thor  
  93  15:10  Thor x2  
  93  15:12  Factory Reactor  
  93  15:13  Factory Reactor  
  111  15:17  Viking  
  118  15:35  Planetary Fortress  
  115  15:41  Supply Depot  
  113  15:42  Supply Depot  
  113  15:43  SCV  
  113  15:47  Viking  
  116  15:52  Thor  
  116  15:53  Hellion x4  
Tags
 
Add a new tag
Caveats
  • Supply blocks, unpowered buildings, or Contaminate may cause inaccurate times.
  • Supply counts are checked every 10 seconds.